General information
- name: BNet
- type: Ladder team game (AT/RT)
- host: Battle.net
- saver: MASS-WARMILLS
map: MarketSquare
- players: 8
- length: 99:12
- speed: Fast
- version: 1.24 W3XP
- replay type: Public
» download(356 KB)
Players
team 1 (loser)

»
Signifia (
pink | 47 APM | 2204 actions | 46:33)
8 Mountain King
3 Storm Bolt
3 Bash
1 Avatar
1 Thunder Clap
» actions
| Assign group hotkey | 169 | |
| Basic commands | 80 | |
| Build / train | 54 | |
| Enter build submenu | 24 | |
| Enter hero's abilities submenu | 8 | |
| Give item / drop item | 3 | |
| Right click | 740 | |
| Select / deselect | 324 | |
| Select group hotkey | 765 | |
| Use ability | 37 | |
2204 total
» units
| Peasant | 14 | |
| Rifleman | 13 | |
| Siege Engine | 3 | |
30 total
» upgrades
| Gunpowder | 3 | |
| Armor | 3 | |
| Long Rifles | 1 | |
| Barrage | 1 | |
| Plating | 3 | |
11 total
» buildings
| Altar of Kings | 1 | |
| Farm | 13 | |
| Barracks | 2 | |
| Blacksmith | 1 | |
| Keep | 1 | |
| Town Hall | 1 | |
| Castle | 1 | |
| Workshop | 2 | |
| Lumber Mill | 1 | |
23 total
» build order
00:31 Altar of Kings
00:36 Farm
00:51 Barracks
01:55 Blacksmith
01:58 Farm
02:18 Barracks
02:28 Farm
02:42 Farm
03:44 Farm
04:29 Farm
05:09 Keep
05:51 Farm
06:40 Farm
08:24 Town Hall
08:41 Castle
10:21 Workshop
10:26 Workshop
10:29 Farm
12:27 Farm
15:17 Farm
15:25 Lumber Mill
18:24 Farm
19:47 Farm
» items
MASS-WARMILLS (
teal | 52 APM | 5192 actions | 99:12)
10 Blademaster
3 Wind Walk
3 Critical Strike
1 Bladestorm
3 Mirror Image
6 Firelord
3 Summon Lava Spawn
1 Soul Burn
1 Incinerate
1 Volcano
» actions
| Assign group hotkey | 43 | |
| Basic commands | 256 | |
| Build / train | 146 | |
| Enter build submenu | 32 | |
| Enter hero's abilities submenu | 16 | |
| Give item / drop item | 10 | |
| Right click | 1690 | |
| Select / deselect | 456 | |
| Select group hotkey | 1603 | |
| Use ability | 940 | |
5192 total
» units
| Peon | 27 | |
| Wind Rider | 22 | |
| Troll Batrider | 10 | |
| Sorceress | 1 | |
| Troll Witch Doctor | 38 | |
| Flying Machine | 1 | |
99 total
» upgrades
| Ranged Weapons | 2 | |
| Armor | 2 | |
| Reinforced Defenses | 1 | |
| Envenomed Spears | 1 | |
| Liquid Fire | 1 | |
| Shaman Training | 2 | |
| Witch Doctor Training | 2 | |
| Spirit Walker Training | 2 | |
13 total
» buildings
| Orc Burrow | 8 | |
| Altar of Storms | 1 | |
| Voodoo Lounge | 2 | |
| War Mill | 1 | |
| Stronghold | 1 | |
| Watch Tower | 27 | |
| Beastiary | 4 | |
| Great Hall | 5 | |
| Fortress | 1 | |
| Spirit Lodge | 2 | |
52 total
» build order
00:14 Orc Burrow
00:27 Altar of Storms
00:58 Voodoo Lounge
02:14 War Mill
02:26 Stronghold
02:46 Orc Burrow
02:47 Orc Burrow
02:49 Orc Burrow
04:27 Watch Tower
04:29 Watch Tower
05:08 Beastiary
05:23 Watch Tower
05:34 Watch Tower
05:43 Beastiary
06:33 Watch Tower
07:27 Great Hall
07:32 Watch Tower
07:32 Watch Tower
07:45 Fortress
10:11 Watch Tower
10:12 Watch Tower
11:48 Watch Tower
11:49 Watch Tower
11:49 Watch Tower
11:50 Watch Tower
13:17 Orc Burrow
13:18 Orc Burrow
13:29 Spirit Lodge
13:35 Watch Tower
13:36 Watch Tower
13:37 Watch Tower
20:03 Watch Tower
20:03 Watch Tower
20:03 Watch Tower
21:00 Watch Tower
21:00 Watch Tower
22:45 Watch Tower
22:45 Watch Tower
22:45 Watch Tower
22:45 Watch Tower
24:12 Spirit Lodge
27:09 Great Hall
28:11 Great Hall
36:12 Orc Burrow
37:27 Beastiary
37:28 Beastiary
43:48 Orc Burrow
45:51 Great Hall
48:52 Voodoo Lounge
80:56 Great Hall
» items
| Healing Salve | 3 | |
| Lesser Clarity Potion | 2 | |
| Rod of Necromancy | 1 | |
| Potion of Healing | 2 | |
| Boots of Speed | 1 | |
| Staff of Teleportation | 1 | |
| Potion of Lesser Invulnerability | 1 | |
| Orb of Lightning | 1 | |
| Scroll of Town Portal | 1 | |
| Tiny Great Hall | 1 | |
14 total
purechris (
red | 63 APM | 2905 actions | 46:17)
6 Dreadlord
3 Vampiric Aura
2 Sleep
1 Inferno
» actions
| Assign group hotkey | 37 | |
| Basic commands | 116 | |
| Build / train | 88 | |
| Enter build submenu | 26 | |
| Enter hero's abilities submenu | 6 | |
| Give item / drop item | 2 | |
| Remove unit from queue | 3 | |
| Right click | 962 | |
| Select / deselect | 391 | |
| Select group hotkey | 1224 | |
| Use ability | 50 | |
2905 total
» units
| Acolyte | 22 | |
| Ghoul | 11 | |
| Necromancer | 8 | |
| Obsidian Statue | 3 | |
| Abomination | 8 | |
| Crypt Fiend | 6 | |
| Meatwagon | 3 | |
61 total
» upgrades
| Cannibalize | 1 | |
| Unholy Strength | 2 | |
| Skeletal Mastery | 1 | |
| Unholy Armor | 2 | |
| Web | 1 | |
| Skeletal Longevity | 1 | |
| Disease Cloud | 1 | |
9 total
» buildings
| Ziggurat | 9 | |
| Altar of Darkness | 1 | |
| Crypt | 1 | |
| Tomb of Relics | 1 | |
| Graveyard | 1 | |
| Halls of the Dead | 1 | |
| Temple of the Damned | 1 | |
| Black Citadel | 1 | |
| Slaughterhouse | 1 | |
| Spirit Tower | 3 | |
20 total
» build order
00:08 Ziggurat
00:13 Altar of Darkness
00:44 Crypt
01:37 Tomb of Relics
01:54 Graveyard
02:35 Ziggurat
03:20 Ziggurat
04:57 Halls of the Dead
05:25 Ziggurat
06:53 Ziggurat
07:54 Temple of the Damned
07:56 Black Citadel
08:00 Slaughterhouse
09:57 Ziggurat
11:16 Ziggurat
15:45 Ziggurat
20:31 Spirit Tower
24:32 Spirit Tower
25:37 Spirit Tower
30:18 Ziggurat
» items
| Potion of Lesser Invulnerability | 1 | |
| Potion of Healing | 1 | |
| Rod of Necromancy | 1 | |
3 total
King_Ryan (
green | 43 APM | 1983 actions | 46:21)
3 Mountain King
2 Storm Bolt
1 Bash
4 Paladin
1 Holy Light
1 Divine Shield
2 Devotion Aura
» actions
| Basic commands | 96 | |
| Build / train | 134 | |
| Enter build submenu | 34 | |
| Enter hero's abilities submenu | 7 | |
| Right click | 1135 | |
| Select / deselect | 483 | |
| Use ability | 94 | |
1983 total
» units
| Peasant | 20 | |
| Sorceress | 13 | |
| Mortar Team | 23 | |
| Siege Engine | 8 | |
| Priest | 1 | |
| Dragonhawk Rider | 18 | |
| Gryphon Rider | 3 | |
86 total
» upgrades
| Masonry | 3 | |
| Lumber Harvesting | 2 | |
| Magic Sentry | 1 | |
| Sorceress Training | 2 | |
| Gunpowder | 3 | |
| Armor | 2 | |
| Fragmentation Shards | 1 | |
| Barrage | 1 | |
| Plating | 3 | |
| Priest Training | 1 | |
| Cloud | 1 | |
| Swords | 3 | |
| Storm Hammers | 1 | |
24 total
» buildings
| Farm | 14 | |
| Lumber Mill | 1 | |
| Keep | 1 | |
| Altar of Kings | 1 | |
| Scout Tower | 11 | |
| Arcane Tower | 2 | |
| Guard Tower | 6 | |
| Arcane Sanctum | 1 | |
| Blacksmith | 1 | |
| Workshop | 1 | |
| Castle | 1 | |
| Arcane Vault | 1 | |
| Town Hall | 2 | |
| Gryphon Aviary | 1 | |
| Cannon Tower | 1 | |
45 total
» build order
01:23 Farm
01:37 Lumber Mill
01:38 Keep
01:51 Farm
02:26 Altar of Kings
02:31 Scout Tower
03:40 Arcane Tower
04:09 Scout Tower
04:46 Guard Tower
05:01 Scout Tower
05:16 Farm
05:57 Arcane Sanctum
06:10 Arcane Tower
06:26 Blacksmith
07:25 Workshop
08:39 Farm
08:42 Farm
08:44 Farm
08:46 Castle
10:35 Farm
11:18 Farm
11:57 Farm
12:50 Farm
12:59 Farm
18:03 Arcane Vault
19:13 Farm
21:14 Farm
22:35 Farm
23:42 Town Hall
27:45 Gryphon Aviary
33:49 Scout Tower
34:21 Guard Tower
34:48 Scout Tower
35:14 Scout Tower
35:38 Guard Tower
35:56 Scout Tower
36:20 Guard Tower
36:27 Scout Tower
38:27 Guard Tower
39:59 Scout Tower
40:44 Guard Tower
43:34 Town Hall
43:51 Scout Tower
44:59 Scout Tower
46:01 Cannon Tower
» items
| Scroll of Town Portal | 3 | |
| Orb of Fire | 1 | |
4 total
team 2 (winner)
wasteyoutee (
yellow | 16 APM | 1539 actions | 94:11)
8 Blademaster
2 Wind Walk
2 Mirror Image
3 Critical Strike
1 Bladestorm
5 Shadow Hunter
2 Healing Wave
2 Serpent Ward
1 Hex
5 Far Seer
2 Feral Spirit
3 Chain Lighting
» actions
| Basic commands | 7 | |
| Build / train | 143 | |
| Enter build submenu | 42 | |
| Enter hero's abilities submenu | 19 | |
| Give item / drop item | 2 | |
| Remove unit from queue | 2 | |
| Right click | 719 | |
| Select / deselect | 483 | |
| Use ability | 122 | |
1539 total
» units
| Peon | 36 | |
| Troll Headhunter/Berserker | 34 | |
| Wind Rider | 16 | |
| Ghoul | 6 | |
| Kobold Geomancer | 1 | |
| Assassin | 1 | |
| Forest Troll High Priest | 3 | |
97 total
» upgrades
| Armor | 3 | |
| Ranged Weapons | 2 | |
| Envenomed Spears | 1 | |
| Creature Attack | 1 | |
| Creature Carapace | 1 | |
| Spiked Barricades | 1 | |
| Reinforced Defenses | 1 | |
| Web | 1 | |
| Burrow | 1 | |
| Berserker Upgrade | 1 | |
13 total
» buildings
| Altar of Storms | 2 | |
| Orc Burrow | 14 | |
| War Mill | 2 | |
| Watch Tower | 3 | |
| Barracks | 4 | |
| Stronghold | 2 | |
| Ziggurat | 2 | |
| Voodoo Lounge | 1 | |
| Beastiary | 2 | |
| Fortress | 2 | |
| Halls of the Dead | 1 | |
| Great Hall | 7 | |
| Spirit Tower | 4 | |
46 total
» build order
00:08 Altar of Storms
00:12 Orc Burrow
00:54 War Mill
02:18 Watch Tower
03:11 Watch Tower
03:14 Watch Tower
03:57 Barracks
04:02 Stronghold
04:13 Orc Burrow
04:19 Orc Burrow
04:58 Ziggurat
05:39 Voodoo Lounge
06:30 Beastiary
06:34 Beastiary
06:57 Orc Burrow
08:01 Fortress
08:06 Orc Burrow
10:00 Orc Burrow
11:37 Orc Burrow
12:31 Orc Burrow
12:45 Halls of the Dead
13:26 Great Hall
15:33 Ziggurat
15:58 Spirit Tower
16:00 Spirit Tower
16:02 Spirit Tower
16:04 Spirit Tower
17:49 Great Hall
53:17 Orc Burrow
53:20 Orc Burrow
54:13 Altar of Storms
54:17 Stronghold
57:37 Fortress
65:25 Orc Burrow
79:43 Great Hall
79:56 Great Hall
80:09 Great Hall
80:19 Great Hall
80:28 Great Hall
84:58 Orc Burrow
85:04 Orc Burrow
85:11 Orc Burrow
85:16 Barracks
85:56 Barracks
86:17 Barracks
86:34 War Mill

»
Kamn. (
purple | 48 APM | 1453 actions | 30:22)
4 Death Knight
2 Death Coil
2 Unholy Aura
3 Lich
2 Frost Nova
1 Frost Armor
» actions
| Basic commands | 2 | |
| Build / train | 50 | |
| Enter build submenu | 18 | |
| Enter hero's abilities submenu | 7 | |
| Give item / drop item | 3 | |
| Remove unit from queue | 3 | |
| Right click | 1077 | |
| Select / deselect | 243 | |
| Use ability | 50 | |
1453 total
» units
| Acolyte | 7 | |
| Ghoul | 4 | |
| Crypt Fiend | 6 | |
| Gargoyle | -1 | |
| Frost Wyrm | 6 | |
22 total
» upgrades
| Web | 1 | |
| Creature Attack | 1 | |
| Creature Carapace | 1 | |
| Freezing Breath | 1 | |
4 total
» buildings
| Altar of Darkness | 1 | |
| Ziggurat | 9 | |
| Crypt | 1 | |
| Graveyard | 1 | |
| Nerubian Tower | 1 | |
| Tomb of Relics | 1 | |
| Halls of the Dead | 1 | |
| Spirit Tower | 1 | |
| Black Citadel | 1 | |
| Sacrificial Pit | 1 | |
| Boneyard | 2 | |
20 total
» build order
00:14 Altar of Darkness
00:17 Ziggurat
00:29 Crypt
00:54 Graveyard
01:10 Ziggurat
01:16 Nerubian Tower
01:33 Tomb of Relics
03:43 Halls of the Dead
04:47 Ziggurat
04:50 Ziggurat
05:17 Spirit Tower
06:05 Black Citadel
07:16 Sacrificial Pit
07:25 Ziggurat
07:27 Ziggurat
08:34 Boneyard
09:11 Boneyard
13:24 Ziggurat
13:25 Ziggurat
13:27 Ziggurat
» items
| Rod of Necromancy | 1 | |
| Potion of Mana | 1 | |
| Orb of Corruption | 1 | |
| Potion of Healing | 2 | |
| Scroll of Town Portal | 1 | |
| Dust of Appearance | 1 | |
| Staff of Teleportation | 1 | |
8 total
Rhamathaim (
orange | 17 APM | 1658 actions | 99:12)
7 Warden
3 Blink
1 Shadow Strike
2 Fan of Knives
1 Spirit of Vengeance
1 Dreadlord
1 Vampiric Aura
1 Keeper of the Grove
1 Force of Nature
6 Firelord
3 Incinerate
1 Soul Burn
1 Summon Lava Spawn
1 Volcano
1 Far Seer
1 Earth Quake
» actions
| Assign group hotkey | 7 | |
| Basic commands | 34 | |
| Build / train | 126 | |
| Enter build submenu | 59 | |
| Enter hero's abilities submenu | 16 | |
| Remove unit from queue | 1 | |
| Right click | 542 | |
| Select / deselect | 518 | |
| Select group hotkey | 15 | |
| Use ability | 340 | |
1658 total
» units
| Wisp | 74 | |
| Crypt Fiend | 9 | |
| Hippogryph | 3 | |
| Archer | 12 | |
| Glaive Thrower | 2 | |
100 total
» upgrades
| Nature's Blessing | 1 | |
| Upgrade Moon Glaive | 1 | |
2 total
» buildings
| Moon Well | 6 | |
| Hunter's Hall | 1 | |
| Ancient Protector | 61 | |
| Ziggurat | 24 | |
| Altar of Elders | 1 | |
| Tree of Ages | 1 | |
| Ancient of Wind | 2 | |
| Tree of Life | 1 | |
| Tree of Eternity | 1 | |
| Ancient of War | 5 | |
103 total
» build order
01:11 Moon Well
01:31 Moon Well
02:05 Moon Well
02:47 Hunter's Hall
04:06 Ancient Protector
04:17 Ancient Protector
04:22 Ancient Protector
04:55 Ziggurat
04:55 Ziggurat
04:57 Ziggurat
04:58 Ziggurat
05:17 Ancient Protector
05:22 Ancient Protector
05:43 Ancient Protector
05:55 Altar of Elders
07:27 Ancient Protector
07:31 Ancient Protector
08:11 Moon Well
08:55 Ancient Protector
08:56 Ancient Protector
09:17 Ancient Protector
10:06 Ancient Protector
10:11 Ancient Protector
10:27 Ancient Protector
10:44 Tree of Ages
11:48 Ancient Protector
12:56 Ancient Protector
12:57 Ancient Protector
12:58 Ancient Protector
13:22 Ancient of Wind
13:29 Ancient of Wind
13:58 Moon Well
13:59 Moon Well
14:16 Ancient Protector
15:33 Ancient Protector
15:34 Ancient Protector
17:18 Ziggurat
17:19 Ziggurat
17:19 Ziggurat
17:19 Ziggurat
17:21 Ziggurat
17:21 Ziggurat
17:21 Ziggurat
17:22 Ziggurat
17:22 Ziggurat
17:23 Ziggurat
17:24 Ziggurat
17:25 Ziggurat
17:25 Ziggurat
17:25 Ziggurat
17:25 Ziggurat
17:46 Ancient Protector
17:47 Ancient Protector
17:48 Ancient Protector
17:55 Ancient Protector
18:10 Ancient Protector
19:53 Ancient Protector
19:55 Ancient Protector
19:56 Ancient Protector
19:58 Ancient Protector
20:06 Ancient Protector
20:08 Ancient Protector
20:26 Ancient Protector
20:29 Ancient Protector
20:36 Ancient Protector
22:07 Ancient Protector
22:43 Ancient Protector
22:48 Ancient Protector
23:05 Ancient Protector
24:27 Ancient Protector
24:28 Ancient Protector
26:32 Ancient Protector
26:33 Ancient Protector
26:37 Ancient Protector
36:48 Ancient Protector
36:49 Ancient Protector
36:57 Ancient Protector
37:39 Ancient Protector
43:40 Ancient Protector
43:41 Ancient Protector
43:42 Ancient Protector
43:43 Ancient Protector
43:44 Ancient Protector
46:04 Ancient Protector
47:29 Ancient Protector
47:31 Ancient Protector
47:32 Ancient Protector
47:33 Ancient Protector
47:33 Ancient Protector
47:52 Tree of Life
48:08 Ancient Protector
48:09 Ancient Protector
66:10 Tree of Eternity
77:22 Ancient of War
77:23 Ancient of War
77:24 Ancient of War
77:25 Ancient of War
77:25 Ancient of War
» items
bluegyard (
blue | 20 APM | 29 actions | 01:26)
» actions
| Build / train | 2 | |
| Enter build submenu | 4 | |
| Right click | 9 | |
| Select / deselect | 10 | |
| Use ability | 4 | |
29 total
» units
» buildings
| Ziggurat | 1 | |
| Graveyard | 1 | |
| Altar of Darkness | 1 | |
| Crypt | 1 | |
4 total
» build order
00:11 Ziggurat
00:22 Graveyard
00:50 Altar of Darkness
00:56 Crypt
Chat log
(00:18 / Allies) Signifia: teal are you really?
(00:32 / Allies) King_Ryan: units
(00:41 / Allies) King_Ryan: hes ok
(00:46 / Allies) Signifia: guess not
(00:56 / Allies) purechris: are we rushing?
(00:57 / Allies) Signifia: i actually saw a replay in which a team won with a guy who massed lumbermill
(01:04 / Allies) King_Ryan: can you guys harasss im going inviso morters
(01:05 / Allies) purechris: green what the fuck you doing
(01:13 / Allies) Signifia: no the guy was lumbermill not war mill
(01:14 / Allies) Signifia: wtf
(01:17 / All) purechris: D
(01:20 / All) Signifia: ffs
(01:21 / All) purechris: leave
(01:26 / All) purechris: d
(03:30 / Allies) Signifia: focus on towers and peons
(03:50 / Allies) King_Ryan: ty red
(04:36 / Allies) Signifia: oh wow
(04:39 / Allies) Signifia: i trapped myself in
(04:51 / Allies) MASS-WARMILLS: welcoem to 4v4rt
(04:53 / Allies) Signifia: fabulous
(06:04 / Allies) MASS-WARMILLS: wood
(07:38 / Allies) Signifia: mid soon
(08:39 / Allies) purechris: ill go necs n aboms
(08:45 / Allies) purechris: n ghouols for skel
(10:59 / All) Signifia: y oj
(11:10 / All) Signifia: how would that make ne difference
(11:40 / Allies) Signifia: ikno
(12:04 / Allies) MASS-WARMILLS: im convinced they have 3 afk
(13:26 / Allies) purechris: can i get some gold
(13:39 / Allies) purechris: get anti air for frostwryms
(15:30 / Allies) King_Ryan: watch
(15:52 / Allies) Signifia: rofl
(16:00 / Allies) Signifia: rofl
(16:15 / All) MASS-WARMILLS: you guys, are seriously
(17:05 / Allies) purechris: get alot of anti air
(18:09 / Allies) Signifia: all quiet on the southeastern front
(18:42 / Allies) purechris: meet at middle
(18:56 / Allies) purechris: meet
(18:59 / Allies) Signifia: holy crap
(19:04 / Allies) King_Ryan: getting tp
(19:55 / Allies) purechris: meet at middle guys
(20:05 / Allies) King_Ryan: got it
(20:15 / Allies) King_Ryan: go hit
(20:44 / Allies) Signifia: i'll tp when he comes
(21:07 / Allies) purechris: meet ehre
(21:10 / Allies) King_Ryan: nj
(21:18 / Allies) purechris: hit purple
(22:37 / Allies) Signifia: don't tp
(22:41 / Allies) Signifia: i could care less
(23:27 / Allies) Signifia: red
(23:30 / Allies) Signifia: he'll come that way
(23:31 / Allies) Signifia: standby
(23:47 / Allies) Signifia: green
(23:58 / Allies) MASS-WARMILLS: is orb of lightning bugged
(24:00 / Allies) MASS-WARMILLS: or something
(24:11 / Allies) Signifia: u hae mask of death
(24:17 / Allies) MASS-WARMILLS: oh is that why?
(24:23 / Allies) Signifia: place it after orb
(24:27 / Allies) Signifia: then u have the effect
(25:08 / Allies) MASS-WARMILLS: still not working
(25:24 / All) Rhamathaim: I like your army
(25:27 / All) Rhamathaim: is very pretty
(26:16 / Allies) Signifia: don't
(26:18 / Allies) Signifia: use morts
(26:27 / Allies) Signifia: use morts
(26:30 / Allies) Signifia: dont attack
(27:21 / Allies) purechris: can i get some gold
(27:31 / Allies) purechris: thx
(28:08 / Allies) King_Ryan: getting dragon hawks
(28:12 / Allies) Signifia: nice
(28:35 / Allies) Signifia: one more workshop
(29:50 / Allies) Signifia: teal
(29:54 / Allies) Signifia: grant me control plz?
(30:09 / Allies) Signifia: nm u gotit
(30:12 / All) Kamn.: NO
(30:13 / All) Kamn.: MO
(30:13 / All) Kamn.: LI
(30:14 / All) Kamn.: IKL
(30:14 / All) Kamn.: K
(30:14 / All) Kamn.: K
(30:15 / All) Kamn.: K
(30:15 / All) Signifia: haha
(30:20 / All) Kamn.: NIGGGGER
(30:27 / All) Rhamathaim: He was high
(30:30 / All) Rhamathaim: ignore him
(30:33 / All) MASS-WARMILLS: what happened on ur side
(30:40 / All) MASS-WARMILLS: did u have stabbers or something
(30:49 / Allies) King_Ryan: meet
(30:53 / All) Rhamathaim: Blue kinda did
(30:56 / All) Rhamathaim: then he vanished
(31:03 / All) wasteyoutee: and purp was gone
(31:07 / All) Rhamathaim: so I just built a bunch of trees
(31:10 / All) Rhamathaim: for luls
(31:11 / All) Signifia: was blu the undead
(31:16 / All) MASS-WARMILLS: i salute you good work on trees
(31:18 / All) Signifia: 5 oclock?
(31:19 / All) Rhamathaim: yup
(31:30 / All) Rhamathaim: kill me quickly :p
(31:31 / All) Signifia: hmm so thats wy no one tped
(31:47 / All) Rhamathaim: I have all of 6 units :p
(32:13 / All) Rhamathaim: imma go assault pinks base!
(32:13 / Allies) Signifia: one corner at a time
(32:31 / Allies) Signifia: ok mort it
(32:43 / Allies) Signifia: shit
(33:28 / All) MASS-WARMILLS: NOT ME YELLOW
(33:33 / All) Rhamathaim: Where did you get a flying sheep?
(33:37 / All) wasteyoutee: :D:D
(34:13 / All) Rhamathaim: yellow
(34:17 / All) Rhamathaim: give me your gold :p
(34:43 / All) Rhamathaim: <3
(34:48 / Allies) purechris: i gotta go kill my shit so i can get seige
(34:55 / All) wasteyoutee: WEEEEE
(35:51 / Allies) purechris: wtf
(35:53 / All) Rhamathaim: ^.^
(36:15 / All) purechris: D
(36:16 / All) purechris: D
(36:18 / Allies) purechris: teal
(36:22 / All) MASS-WARMILLS: Orange
(36:26 / All) Rhamathaim: ?
(36:35 / All) Rhamathaim: am I spaz lagging?
(36:35 / All) MASS-WARMILLS: whisper me plz
(36:45 / 5) Rhamathaim: ?
(37:02 / Allies) Signifia: green
(37:03 / Allies) Signifia: kill teal
(37:11 / All) MASS-WARMILLS: stabbing my team need ur help
(37:23 / 5) Rhamathaim: fail
(37:25 / 5) Rhamathaim: you said that in all
(37:30 / All) MASS-WARMILLS: they already know
(37:36 / Allies) purechris: kill teal
(37:48 / All) Rhamathaim: I refuse to aid you in dishonorable behaviour
(37:50 / All) Rhamathaim: I am sorry
(38:28 / Allies) Signifia: green
(38:30 / Allies) Signifia: tower ur base
(38:39 / Allies) Signifia: i fund
(38:40 / All) Rhamathaim: I totally am not hiding an amazing army
(38:42 / All) Rhamathaim: trufax
(39:25 / All) Rhamathaim: Boooooooooonestorm!
(39:50 / Allies) Signifia: red b
(41:10 / All) MASS-WARMILLS: yellow
(41:13 / All) MASS-WARMILLS: attack useful buildings
(41:14 / All) MASS-WARMILLS: idiot
(41:15 / All) wasteyoutee: :D:D
(41:21 / All) wasteyoutee: got nothing else to do
(41:26 / All) Rhamathaim: Iz raining men
(41:44 / Allies) purechris: kill teal
(42:13 / All) MASS-WARMILLS: u guys arent helping
(42:36 / Allies) Signifia: don't attack him
(42:43 / Allies) Signifia: work on those
(42:48 / Allies) Signifia: b
(42:49 / Allies) Signifia: red
(43:00 / Allies) Signifia: red
(43:03 / Allies) Signifia: come with me
(45:01 / All) purechris: lol teal is terrible
(45:58 / Allies) purechris: alright green n pink wanna play together now
(46:24 / All) wasteyoutee: Looooooool
(46:48 / All) MASS-WARMILLS: have to admit this is funny gentlemen
(46:54 / All) Rhamathaim: Very much so :D
(47:19 / All) MASS-WARMILLS: im just going to mess around now
(47:31 / All) MASS-WARMILLS: u guys want me to feed ur heros to level ten?
(47:39 / All) MASS-WARMILLS: i can give u orc halls to build back up
(47:40 / All) Rhamathaim: sure
(47:51 / All) MASS-WARMILLS: plz note im on a new account id ont care about winning
(48:00 / All) wasteyoutee: same
(48:07 / All) MASS-WARMILLS: go to middle ill drop hall yellow
(48:33 / All) Rhamathaim: actually, I still have my original gold mine and an expo you guys didn't find :D
(48:42 / All) MASS-WARMILLS: u want a hall sir?
(48:52 / All) Rhamathaim: nah, give one to yellow though
(49:04 / All) MASS-WARMILLS: bring ur warden to middle ill feed u to ten
(49:19 / All) Rhamathaim: mmkay
(49:27 / All) MASS-WARMILLS: i only have one expo for wyverns to feed u
(50:13 / All) MASS-WARMILLS: go to mana fountain so u actually kill them
(50:28 / All) MASS-WARMILLS: take orb
(50:40 / All) Rhamathaim: can you move?
(50:41 / All) Rhamathaim: can't get
(50:42 / All) Rhamathaim: :p
(51:22 / All) Rhamathaim: send one at a time
(52:06 / All) MASS-WARMILLS: go top left yellow we'll creep red creeps
(52:49 / All) Rhamathaim: go to mana fountain :p
(53:00 / All) MASS-WARMILLS: they are on follow its up to u
(53:04 / All) Rhamathaim: ooh :D
(53:39 / All) wasteyoutee: top left red spot?
(53:49 / All) MASS-WARMILLS: my team has been saying the entire game "oh teal ur so bad" and i just beat them 1v3
(53:53 / All) MASS-WARMILLS: already got it
(54:46 / All) MASS-WARMILLS: u guys ok with me trying something before you inevitally kill my base or i leave, i want to mass docs at mana fountain
(54:50 / All) MASS-WARMILLS: and spam wards
(55:08 / All) Rhamathaim: sure, just let me get those wyvrens down
(56:05 / All) MASS-WARMILLS: what you did orange, is exactly what i have my stabbing partner friends do, just mass towers while i do the work
(56:07 / All) MASS-WARMILLS: or vice versa
(56:24 / All) Rhamathaim: ^.^
(56:57 / All) MASS-WARMILLS: ok back off of middle for like 10 min
(57:24 / All) MASS-WARMILLS: i want to see what its like to have a bm windwalk into 200 statis wards
(58:03 / All) wasteyoutee: LALALALALALALAAAAAAA
(58:13 / All) MASS-WARMILLS: i shouldn't have gave pink's mk that mask of death,
(58:40 / All) MASS-WARMILLS: so u guys watch sports?
(58:53 / All) Rhamathaim: Does nascar count? =)
(58:59 / All) wasteyoutee: cricket and some ball
(59:06 / All) MASS-WARMILLS: doesn't that bush guy win every race
(59:17 / All) Rhamathaim: He is using irl hax.
(60:11 / All) Rhamathaim: sure
(61:48 / All) Rhamathaim: the biggest red spot of all?
(62:32 / All) Rhamathaim: mmkay
(62:38 / All) MASS-WARMILLS: talk in all
(62:44 / All) wasteyoutee: kk
(64:25 / All) MASS-WARMILLS: about 2 more min til i have 90 food of docs
(64:37 / All) Rhamathaim: I have to see this :p
(64:55 / All) Rhamathaim: lawl
(65:02 / All) MASS-WARMILLS: 500 statis traps looks crazy
(65:20 / All) Rhamathaim: let's see them
(65:30 / All) MASS-WARMILLS: ok back up let me set the groups up
(65:41 / All) Rhamathaim: kk
(65:54 / All) Rhamathaim: watch the warden
(66:09 / All) MASS-WARMILLS: where is it
(66:31 / All) MASS-WARMILLS: go to middle in like 30 sec
(67:25 / All) Rhamathaim: can you send me a single unit?
(67:30 / All) Rhamathaim: I need a corpse :p
(67:49 / All) MASS-WARMILLS: yellow bm go
(67:50 / All) MASS-WARMILLS: middle
(68:13 / All) wasteyoutee: watt?
(68:18 / All) MASS-WARMILLS: go to middle hurry
(68:24 / All) Rhamathaim: nice
(68:39 / All) wasteyoutee: wat u want me to do
(68:44 / All) MASS-WARMILLS: just windwalk into middle dammit
(69:10 / All) wasteyoutee: im here
(69:13 / All) Rhamathaim: shadowmeld > windwalk ^.^
(69:29 / All) wasteyoutee: bladestorm??
(69:33 / All) Rhamathaim: noooooo
(69:38 / All) wasteyoutee: dam
(69:39 / All) MASS-WARMILLS: not yet
(70:47 / All) wasteyoutee: can i go bladestorm em alll :D
(70:53 / All) MASS-WARMILLS: yes go
(71:37 / All) Rhamathaim: owned ^.^
(71:41 / All) wasteyoutee: lool
(71:43 / All) wasteyoutee: owned
(71:45 / All) MASS-WARMILLS: its pretty tight
(72:54 / All) MASS-WARMILLS: lets have hero duals?
(73:15 / All) Rhamathaim: sec, re-enacting lord of the rings at yellow's base
(73:23 / All) MASS-WARMILLS: nice
(73:34 / All) wasteyoutee: LOOOOOOOOOOOOOOOL
(73:57 / All) MASS-WARMILLS: watch my bm move like the treees
(74:21 / All) Rhamathaim: ^.^
(74:38 / All) MASS-WARMILLS: move one tree towards green base so uc an see it
(75:36 / All) MASS-WARMILLS: nice merc army yellow
(75:44 / All) wasteyoutee: ty brah
(75:56 / All) Rhamathaim: Better then mine? :P
(76:37 / All) MASS-WARMILLS: expand more guys, i want to get a level 6 firelord and mass spam volcanoe
(76:42 / All) MASS-WARMILLS: how about we 3 get fl's?
(77:27 / All) MASS-WARMILLS: get chims orange to feed me to 6?
(77:34 / All) Rhamathaim: I'm gonna get archers
(77:38 / All) Rhamathaim: cheaper and faster
(77:49 / All) MASS-WARMILLS: kill my docs
(77:50 / All) MASS-WARMILLS: at middle
(77:54 / All) MASS-WARMILLS: bring just ur fl
(78:09 / All) Rhamathaim: omw
(78:35 / All) MASS-WARMILLS: ur good
(79:08 / All) MASS-WARMILLS: volcanoe on those statis traps woud look cool actually
(79:13 / All) MASS-WARMILLS: wheres ur archers
(79:31 / All) Rhamathaim: eastern base soon
(79:35 / All) Rhamathaim: don't go yet
(79:43 / All) Rhamathaim: how do you set them on follow on an enemy?
(79:54 / All) MASS-WARMILLS: i only have 2700 gold so im gonna have to expand soon if these docs dont get u to 6
(80:03 / All) MASS-WARMILLS: should feed yellow to quake too
(81:10 / All) wasteyoutee: can i kill all the docs?
(81:12 / All) MASS-WARMILLS: i need bot right expo yellow
(81:17 / All) MASS-WARMILLS: yes but orange needs exp for volcanoe
(81:32 / All) Rhamathaim: okay, what's the keyboard shortcut for follow?
(81:37 / All) MASS-WARMILLS: "m" for move
(81:42 / All) Rhamathaim: mmkay
(81:52 / All) Rhamathaim: send your firelord to right outside middle east expo
(82:56 / All) MASS-WARMILLS: good work
(83:15 / All) wasteyoutee: i wanna mass headhunters
(83:33 / All) MASS-WARMILLS: go for it, im going to feed ur fs to level 6 after oranges hero, ok yellow?
(83:55 / All) wasteyoutee: sure, actually can we end this soon......
(84:05 / All) Rhamathaim: shadowmeld is op :O
(84:05 / All) MASS-WARMILLS: yes like in 15 min?
(85:37 / All) MASS-WARMILLS: just want to see 2 volcanoes at same time plus earthquake
(86:05 / All) MASS-WARMILLS: 10 more archers
(86:16 / All) Rhamathaim: kk, sec
(86:46 / All) MASS-WARMILLS: u guys post on any forums?
(87:20 / All) Rhamathaim: I post on the hello kitty island adventure forums
(87:22 / All) Rhamathaim: trufax
(87:47 / All) MASS-WARMILLS: prob 10 more archers
(87:56 / All) MASS-WARMILLS: yellow where is ur far seer
(88:04 / All) wasteyoutee: top right
(88:08 / All) wasteyoutee: left
(88:22 / All) MASS-WARMILLS: keep him away from ur other heros im sending stuff to u
(88:27 / All) MASS-WARMILLS: at greens old base?
(88:43 / All) Rhamathaim: where the red creep spot was
(88:45 / All) wasteyoutee: top left, red dot
(90:00 / All) MASS-WARMILLS: volcanoe on cooldown?
(90:07 / All) Rhamathaim: yup
(90:10 / All) MASS-WARMILLS: make sure it doesn't hit each other
(90:16 / All) MASS-WARMILLS: it stuns us and interrupts casting
(90:28 / All) MASS-WARMILLS: ill be left of healing and you be right of mana and we'll place in middle
(90:43 / All) MASS-WARMILLS: move ur sh yellow
(90:49 / All) Rhamathaim: ok, go when ready
(91:13 / All) Rhamathaim: ?
(91:17 / All) Rhamathaim: Volcano's up
(91:23 / All) MASS-WARMILLS: ok go
(91:52 / All) Rhamathaim: :O
(92:03 / All) MASS-WARMILLS: epic day
(92:34 / All) MASS-WARMILLS: next time we'll wait for yellows quake then ill leave
(92:46 / All) Rhamathaim: he's at 6
(92:46 / All) MASS-WARMILLS: go middle now yellow
(93:19 / All) Rhamathaim: eeeh
(93:20 / All) Rhamathaim: yello
(93:26 / All) Rhamathaim: I hope you have control of those :O
(93:31 / All) wasteyoutee: nope
(93:35 / All) MASS-WARMILLS: yellow get ur fs to middle then ill leave
(94:11 / All) Rhamathaim: fail
(94:24 / All) MASS-WARMILLS: bathroombrb
(95:31 / All) MASS-WARMILLS: coming
(95:36 / All) MASS-WARMILLS: do u have more time to screw aroudn?
(95:45 / All) Rhamathaim: not really
(95:48 / All) Rhamathaim: maybe 10 mins
(95:58 / All) Rhamathaim: go when ready
(96:00 / All) MASS-WARMILLS: going to watch my espn show in like 20 as well
(96:03 / All) MASS-WARMILLS: quake too ok?
(96:07 / All) Rhamathaim: yup
(96:08 / All) Rhamathaim: gp
(96:08 / All) Rhamathaim: go
(96:57 / All) MASS-WARMILLS: nice got some goo screenshots
(97:19 / All) Rhamathaim: did you get the bladestorm?
(97:58 / All) Rhamathaim: well, gg
(98:57 / All) MASS-WARMILLS: yes if you want to see the screenshots ill post them on gamefaqs.com wc3 tft board
(99:03 / All) MASS-WARMILLS: in 10 min
(99:05 / All) Rhamathaim: mmkay
(99:09 / All) MASS-WARMILLS: ill be in channel clan rlv